 Dungeon Crawl Stone Soup version 0.30.0-12-gd5a94ecb5d (webtiles) character file.

Game seed: 7846744874254354592

15 hawkguy the Digger (level 2, -1/15 HPs)
             Began as a Gargoyle Earth Elementalist on May 17, 2023.
             Slain by a kobold
             ... wielding a +2 dagger of protection
              (2 damage)
             ... on level 1 of the Dungeon.
             The game lasted 00:01:22 (400 turns).

hawkguy the Digger (Gargoyle Earth Elementalist)     Turns: 400, Time: 00:01:23

Health: -1/15      AC:  4    Str: 11    XL:     2   Next: 50%
Magic:  3/5        EV: 12    Int: 15    God:
Gold:   14         SH:  0    Dex: 10    Spells: 4/5 levels left

rFire   . . .        (no weapon)
rCold   . . .        (no shield)
rNeg    + . .        a - +0 robe
rPois   ∞            (no helmet)
rElec   +            (no cloak)
rCorr   .            (no gloves)
SInv    .            (no boots)
Will    .....        (no amulet)
Stlth   ++           (no ring)
HPRegen 0.22/turn    (no ring)
MPRegen 0.09/turn

%: no passive effects
@: no status effects
A: sickness immunity, AC +2, negative energy resistance 1, electricity
resistance, torment resistance 1, petrification resistance
a: no special abilities


You were on level 1 of the Dungeon.
You visited 1 branch of the dungeon, and saw 1 of its levels.

You collected 14 gold pieces.

Inventory:

Missiles
 d - 3 curare-tipped darts
Armour
 a - a +0 robe (worn)
Scrolls
 c - a scroll of enchant armour {unknown}
 e - 2 scrolls of vulnerability {unknown}
Potions
 f - a potion of curing {unknown}


   Skills:
 - Level 1.7 Dodging
 - Level 2.3 Stealth
 - Level 2.1 Spellcasting
 - Level 1.0 Transmutations
 + Level 4.2 Earth Magic


You had 4 spell levels left.
You knew the following spells:

 Your Spells              Type           Power      Damage    Failure   Level
a - Sandblast             Erth           28%        2d8       4%          1

Your spell library contained the following spells:

 Spells                   Type           Power      Damage    Failure   Level
 Passwall                 Tmut/Erth      7%         N/A       12%         2
 Stone Arrow              Conj/Erth      14%        3d7       28%         3
 Petrify                  Tmut/Erth      9%         N/A       58%         4


Dungeon Overview and Level Annotations

Branches:
Dungeon (1/15)

Altars:

Shops:
D:1 (


Innate Abilities, Weirdness & Mutations

You are immune to sickness and miasma.
Your stone body is resilient. (AC +2)
You are immune to poison.
You resist negative energy. (rN+)
You are resistant to electric shocks. (rElec)
You are resistant to unholy torment.
You are immune to petrification.


Message History

Your magical contamination has completely faded away.
You hit the kobold but do no damage.
The kobold is moderately wounded.
The kobold barely misses you.
You hit the kobold but do no damage.
The kobold is moderately wounded.
The kobold barely misses you.
You don't have enough magic to cast this spell.
You don't have enough magic to cast this spell.
You hit the kobold but do no damage.
The kobold is moderately wounded.
The kobold closely misses you.
You hit the kobold but do no damage.
The kobold is moderately wounded.
The kobold hits you with a +2 dagger of protection.
* * * LOW HITPOINT WARNING * * *
You don't have enough magic to cast this spell.
Magic courses through your body. The kobold hits you but does no damage.
Aiming: Sandblast (safe; 4% risk of failure)
Press: ? - help, Q - select action, (/) - cycle Shift-Dir - straight line, f/p - kobold
Aim: a kobold, wielding a +2 dagger of protection and quivering stones (moderately wounded, 77% to hit)
The blast of sand hits the kobold but does no damage.
The kobold is moderately wounded.
The kobold hits you with a +2 dagger of protection.
* * * LOW HITPOINT WARNING * * *
The kobold misses you.
Aiming: Sandblast (safe; 4% risk of failure)
Press: ? - help, Q - select action, (/) - cycle Shift-Dir - straight line, f/p - kobold
Aim: a kobold, wielding a +2 dagger of protection and quivering stones (77% to hit)
The blast of sand misses the kobold.
The kobold hits you but does no damage.
Aiming: Sandblast (safe; 4% risk of failure)
Press: ? - help, Q - select action, (/) - cycle Shift-Dir - straight line, f/p - kobold
Aim: a kobold, wielding a +2 dagger of protection and quivering stones (77% to hit)
The blast of sand hits the kobold.
The kobold is moderately wounded.
The kobold hits you with a +2 dagger of protection.
* * * LOW HITPOINT WARNING * * *
The kobold hits you with a +2 dagger of protection.
You die...

∙∙♣ ▒∙∙ ▒∙∙∙▒ ∙∙♣
∙∙∙ ▒∙▒∙▒ ♣♣∙∙
▒∙▒▒%▒∙▒▒ ∙∙▒
▒∙∙∙%▒∙∙∙▒▒
▒▒▒∙▒▒▒∙∙▒▒▒∙∙▒
∙∙∙∙∙∙∙∙▒▒▒▒∙▒
▒▒▒▒▒▒∙∙∙∙▒▒∙▒
▒∙∙∙∙▒∙▒▒K▒▒▒▒▒▒▒
▒∙∙∙∙▒∙∙∙@∙$∙∙∙∙▒
▒∙∙∙∙∙∙▒▒▒▒▒▒▒∙▒▒
▒∙∙∙∙∙∙∙∙▒
▒∙▒▒∙∙∙∙∙▒ ▒∙
■∙∙∙∙∙▒ ▒ ▒∙∙∙∙∙▒
▒∙∙∙∙∙▒ ▒∙∙∙∙(▒


You could see a kobold.

Vanquished Creatures
  4 ball pythons (D:1)
  2 bats (D:1)
  3 giant cockroaches (D:1)
  2 goblins (D:1)
  A kobold (D:1)
12 creatures vanquished.

Notes
Turn   | Place    | Note
-------+----------+-------------------------------------------
     0 | D:1      | hawkguy the Gargoyle Earth Elementalist began the quest for
                  | the Orb.
     0 | D:1      | Reached XP level 1. HP: 10/10 MP: 3/3
   183 | D:1      | Reached skill level 1 in Transmutations
   183 | D:1      | Reached XP level 2. HP: 15/15 MP: 3/5
   298 | D:1      | Found Tukefuf's Weapon Shoppe.
   302 | D:1      | Reached skill level 4 in Earth Magic
   400 | D:1      | Slain by a kobold

Illustrated notes

Levels and vault maps discovered:
D:1:      scummos_arrival_checkerplants, layout_basic, serial_shops,
          nicolae_shop_waterfront

Skill      XL: |  1  2 |
---------------+-------+-----
Transmutations | 1 |  1.0
Earth Magic    | 4 |  4.2
Dodging        | |  1.7
Stealth        | |  2.3
Spellcasting   | |  2.1

Action                     || total
---------------------------++-------
  Melee: Unarmed           ||    47
   Cast: Sandblast         ||    18
    Use: Potion            ||     1
   Stab: Sleeping          ||     1
 Armour: Robe              ||    23
  Dodge: Dodged            ||    36
